 Dungeon Crawl Stone Soup version 0.19.0-2-gae57169 (webtiles) character file.

57 taqueso the Grasshopper (level 3, -3/19 HPs)
             Began as a Spriggan Warper on Nov 3, 2016.
             Was a Priest of Uskayaw.
             Slain by Robin
             ... wielding a +7 club
              (13 damage)
             ... on level 2 of the Dungeon.
             The game lasted 00:05:04 (1408 turns).

taqueso the Grasshopper (Spriggan Warper)           Turns: 1408, Time: 00:05:07

Health: -3/19      AC:  3    Str:  8    XL:     3   Next: 73%
Magic:  17/17      EV: 19    Int: 14    God:    Uskayaw [***...]
Gold:   111        SH:  0    Dex: 15    Spells: 3 memorised, 0 levels left

rFire  . . .     SeeInvis +     a - +0 short sword
rCold  . . .     Gourm    .     b - +0 robe
rNeg   . . .     Faith    .     (shield restricted)
rPois  .         Spirit   .     (helmet restricted)
rElec  .         Reflect  .     q - +0 cloak
rCorr  .         Harm     .     (gloves unavailable)
MR     .....                    (boots unavailable)
Stlth  +.........               (no amulet)
                                (no ring)
                                i - ring of magical power

@: very quick
A: unfitting armour, see invisible, herbivore 3, speed 3, slow metabolism 2
a: Stomp, Line Pass, Renounce Religion


You were on level 2 of the Dungeon.
You worshipped Uskayaw.
Uskayaw was noncommittal.
You were not hungry.

You visited 1 branch of the dungeon, and saw 2 of its levels.

You collected 111 gold pieces.

Inventory:

Hand Weapons
 a - a +0 short sword (weapon)
Missiles
 e - 4 tomahawks of dispersal {!f=f}
 h - 80 stones (quivered)
Armour
 b - a +0 robe (worn)
 q - a +0 cloak (worn)
Jewellery
 i - a ring of magical power (left hand)
Scrolls
 d - a scroll of blinking
 k - 5 scrolls of identify {unknown}
 o - a scroll of remove curse {unknown}
 p - a scroll of random uselessness {unknown}
 s - 2 scrolls of noise {unknown}
 v - a scroll of teleportation {unknown}
Potions
 j - a potion of degeneration {unknown}
 l - a potion of heal wounds {unknown}
 m - a potion of agility {unknown}
 n - 3 potions of curing {unknown}
 r - a potion of brilliance {unknown}
 t - a potion of ambrosia {unknown}
 u - a potion of mutation {unknown}
 w - 2 potions of might {unknown}
 x - a potion of flight {unknown}
Books
 c - a book of Spatial Translocations

   Spells                             Type                      Level
   a - Blink                          Translocation                2
   b - Shroud of Golubria             Charms/Translocation         2
   c - Lesser Beckoning               Translocation                3
   d - Portal Projectile              Translocation                3
   e - Teleport Other                 Translocation                3
   f - Passage of Golubria            Translocation                4
Comestibles
 f - a bread ration
 g - a royal jelly


   Skills:
 + Level 2.4 Fighting
 * Level 3.4 Short Blades
 - Level 1.0 Throwing
 + Level 4.0 Dodging
 - Level 2.6 Spellcasting
 - Level 4.4 Translocations


You couldn't memorise any spells.
You knew the following spells:

 Your Spells              Type           Power        Failure   Level  Hunger
a - Blink                 Tloc           N/A          6%          2    ###....
b - Shroud of Golubria    Chrm/Tloc      #.........   17%         2    ###....
c - Portal Projectile     Tloc           ##....       12%         3    ###....


Dungeon Overview and Level Annotations

Branches:
Dungeon (2/15)

Altars:
Uskayaw

Annotations:
D:2 Robin


Innate Abilities, Weirdness & Mutations

You are very small and have problems with some larger weapons.
You are too small for most types of armour.
You have supernaturally acute eyesight. (SInv)
You are a herbivore.
You cover ground extremely quickly.
You need consume almost no food.


Message History

Robin is moderately wounded.
Robin hits you with an enchanted club.
You hit Robin.
Robin is moderately wounded.
You hit Robin.
Robin is moderately wounded.
Robin misses you.
You hit Robin.
Robin is heavily wounded.
Robin throws the goblin at you!
Uskayaw will force your foes to helplessly watch your dance.
Uskayaw prepares the audience for your solo!
The helpless Robin fails to defend herself.
You puncture Robin!
Robin is almost dead.
Robin is no longer paralysed.
The hobgoblin is no longer paralysed.
The goblin is no longer paralysed.
The goblin barely misses you. Robin hits you with an enchanted club!
Ouch! That really hurt!
You die...

#.# #(# #.# #.#g# #.#
#.#(# #.# #.#(# #.# #.#g#
#.# #.#g# #.# #.#†# #.#
#g#g# #.#
#@#.############## #.#
#g#...............
#.#######g(..#############
#...........>#
###########.######
#......# #.####.#
###.####.# #.....##.#


You could see Robin, a hobgoblin and a goblin.

Vanquished Creatures
  A worm (D:2)
  A dart slug (D:2)
  A leopard gecko (D:2)
  7 bats
  A giant cockroach (D:2)
  12 goblins
  2 hobgoblins (D:2)
  7 jackals
  9 kobolds
  2 frilled lizards (D:2)
  A rat (D:2)
44 creatures vanquished.

Notes
Turn   | Place    | Note
-------+----------+-------------------------------------------
     0 | D:1      | taqueso the Spriggan Warper began the quest for the Orb.
     0 | D:1      | Reached XP level 1. HP: 10/10 MP: 5/5
   423 | D:1      | Reached XP level 2. HP: 15/15 MP: 6/6
   851 | D:2      | Reached XP level 3. HP: 17/18 MP: 8/8
  1253 | D:2      | Found a hide-covered altar of Uskayaw.
  1261 | D:2      | Became a worshipper of Uskayaw the Reveler
  1265 | D:2      | Learned a level 2 spell: Blink
  1268 | D:2      | Learned a level 2 spell: Shroud of Golubria
  1330 | D:2      | Learned a level 3 spell: Portal Projectile
  1364 | D:2      | Reached * piety under Uskayaw
  1381 | D:2      | Reached ** piety under Uskayaw
  1387 | D:2      | Noticed Robin
  1407 | D:2      | Reached *** piety under Uskayaw
  1408 | D:2      | Slain by Robin

Skill      XL: |  1  2  3 |
---------------+----------+-----
Fighting       | 2 |  2.4
Short Blades   | 3 |  3.4
Dodging        | 4 |  4.0
Throwing       | |  1.0
Spellcasting   | |  2.6
Translocations | |  4.4

Action                   || total
-------------------------++-------
Melee: Short sword       ||   134
Throw: Stone             ||   107
       Tomahawk          ||     1
 Stab: Paralysed         ||     1
Armor: Robe              ||     9
Dodge: Dodged            ||    94
